 Dungeon Crawl Stone Soup version 0.31-a0-83-gbff143cfd1 (webtiles) character file.

Game seed: 8996650790797560237

2 Esekla the Sneak (level 1, -2/16 HPs)
             Began as an Octopode Delver on May 24, 2023.
             Killed from afar by an orc wizard (6 damage)
             ... with a puff of flame
             ... on level 5 of the Dungeon.
             The game lasted 00:01:28 (116 turns).

Esekla the Sneak (Octopode Delver)                   Turns: 116, Time: 00:01:28

Health: -2/16      AC:  1    Str: 11    XL:     1   Next: 30%
Magic:  1/1        EV: 13    Int: 12    God:
Gold:   27         SH:  0    Dex: 13    Spells: 0/0 levels left

rFire   . . .        a - +0 falchion
rCold   . . .        (no shield)
rNeg    . . .        (helmet restricted)
rPois   .            (no amulet)
rElec   .            (no ring)
rCorr   .            (no ring)
SInv    .            (no ring)
Will    .....        (no ring)
Stlth   ++++         (no ring)
HPRegen 0.22/turn    (no ring)
MPRegen 0.07/turn    (no ring)
                     (no ring)

%: no passive effects
@: hasted, very quick
A: almost no armour, amphibious, 8 rings, camouflage 1, gelatinous body 1,
(nimble swimmer 1), tentacles
a: no special abilities


You were on level 5 of the Dungeon.
You visited 2 branches of the dungeon, and saw 2 of its levels.

You collected 27 gold pieces.

Inventory:

Hand Weapons
 a - a +0 falchion (weapon)
Missiles
 g - 2 poisoned darts (quivered)
Wands
 f - a wand of digging (3)
Scrolls
 b - a scroll of fog
 c - a scroll of magic mapping


   Skills:
 + Level 3.0 Fighting
 + Level 2.0 Long Blades
 + Level 2.0 Dodging
 + Level 6.7 Stealth


You couldn't memorise any spells.
You didn't know any spells.
Your spell library was empty.

Dungeon Overview and Level Annotations

Branches:
Dungeon (5/15)             Temple (1/1) D:5

Altars:
Dithmenos
Elyvilon
Fedhas
Hepliaklqana
Kikubaaqudgha
Makhleb
Nemelex Xobeh
Okawaru
Qazlal
Ru
Trog
Uskayaw
Wu Jian
Zin


Innate Abilities, Weirdness & Mutations

You cannot wear most types of armour.
You are amphibious.
You can wear up to eight rings at the same time.
Your skin changes colour to match your surroundings (Stealth+).
Your rubbery body absorbs attacks. (AC +1, EV +1)
((You are camouflaged when in or above water. (Stealth+)))
You have tentacles for arms and can constrict up to eight enemies at once.


Message History

There is a staircase back to the Dungeon here.
Found a burning altar of Makhleb and a hazy altar of Hepliaklqana.
Found a bloodstained altar of Trog.
Found a hide-covered altar of Uskayaw.
There is a burning altar of Makhleb here.
You enter the deep water.
Found a blossoming altar of Fedhas.
Found a stormy altar of Qazlal.
You enter the deep water.
Found a sacrificial altar of Ru.
Found an iron altar of Okawaru.
There is a staircase back to the Dungeon here.
You climb upwards.
The orc shouts!
There is a staircase to the Ecumenical Temple here.
You feel yourself speed up. The orc barely misses you.
The orc barely misses you. The orc wizard closely misses you.
You closely miss the orc wizard. You grab the orc wizard.
You squeeze the orc wizard!
The orc wizard is heavily wounded.
You constrict the orc wizard, but do no damage.
You hit the orc. Your grab misses the orc. Your squeeze misses the orc.
The orc is severely wounded.
You constrict the orc wizard. The orc closely misses you.
The orc hits you with a +0 hand axe!
The orc wizard gestures wildly while chanting.
The orc wizard flickers and vanishes!
Deactivating autopickup; reactivate with Ctrl-A.
You hit the orc.
You kill the orc!
You constrict something. Something hits you.
The orc hits you with a +0 hand axe.
* * * LOW HITPOINT WARNING * * *
You barely miss the orc. You grab the orc.
You tentacle-slap the orc, but do no damage.
You constrict the orc. You constrict something.
You hear some strange, mumbled words.
A puff of flame appears from out of thin air!
The puff of flame hits you.
You die...

#.# ...... #.# ....
###:# ... ###...### #.#
####.......# ##.#
.(...8.8.8.######..#####
......⌠.⌠..............#
.....8$>{8.#####..####.#
......o@⌠..# #...## #.#
####.8)8.8...#.#######.#
#.......#... #....#
####..###..# #.#### #.##
#.######.#### #.#
#.#.......... #.# #
#....>..... #.#
#.....<....
...######..##


You could see an orc.

Vanquished Creatures
  An orc (D:5)
1 creature vanquished.

Notes
Turn   | Place    | Note
-------+----------+-------------------------------------------
     0 | D:5      | Esekla the Octopode Delver began the quest for the Orb.
     0 | D:5      | Reached XP level 1. HP: 16/16 MP: 1/1
    20 | D:5      | Found a staircase to the Ecumenical Temple.
    21 | D:5      | Noticed an orc wizard
    31 | Temple   | Entered the Ecumenical Temple
   116 | D:5      | Killed from afar by an orc wizard

Illustrated notes

Levels and vault maps discovered:
D:5:      layout_rooms, led_sif_pool, mainiacjoe_overflow_24_doors,
          minmay_temple_entry_statues_fountains, kb_lookout_dungeons_type,
          kennysheep_flooded_box, hellmonk_bongcloud_opening, nrook_mini_vaults
Temple:   nicolae_temple_two_arcs

Action                     || total
---------------------------++-------
  Melee: Falchion          ||     4
         Constrict         ||     2
         Punch             ||     1
         Tentacles         ||     1
    Use: Scroll            ||     1
         Potion            ||     1
  Dodge: Dodged            ||     4

Table legend: (Time is in decaauts)
 A = Elapsed time spent in this place.
 B = Non-inter-level travel time spent in this place.
 C = Inter-level travel time spent in this place.
 D = Time resting spent in this place.
 E = Time spent auto-exploring this place.
 F = Levels seen in this place.
 G = Mean time per level.
                   A        B        C        D        E       F      G
               +--------+--------+--------+--------+--------+-----+--------+
         Total |    115 |    115 |      0 |      0 |      0 |   2 |   57.5 |
       Dungeon |     36 |     36 |      0 |      0 |      0 |   1 |   36.0 |
        Temple |     78 |     78 |      0 |      0 |      0 |   1 |   78.0 |
               +--------+--------+--------+--------+--------+-----+--------+

Top non-repeatable levels by time:
  Temple: 78 daAuts
     D:5: 36 daAuts
